 Dungeon Crawl Stone Soup version 0.25-a0-184-gcd15a05269 (webtiles) character file.

Game seed: 6082831026279879252, levelgen mode: deterministic

438 Gumption the Cleaver (level 7, 0/62 HPs)
             Began as a Hill Orc Monk on Nov 27, 2019.
             Was a Believer of Beogh.
             Succumbed to Duvessa's poison
             ... on level 3 of the Dungeon.
             The game lasted 00:19:18 (3409 turns).

Gumption the Cleaver (Hill Orc Monk)                Turns: 3409, Time: 00:19:18

Health: 0/62       AC:  0    Str: 21    XL:     7   Next: 1%
Magic:  9/9        EV: 26    Int: 10    God:    Beogh [**....]
Gold:   185        SH:  0    Dex: 23    Spells: 6/6 levels left

rFire    . . .     SeeInvis .   (weapon currently unavailable)
rCold    . . .     Gourm    .   (shield currently unavailable)
rNeg     . . .     Faith    .   (armour currently unavailable)
rPois    .         Spirit   .   (helmet currently unavailable)
rElec    .         Reflect  .   (cloak currently unavailable)
rCorr    .         Harm     .   (gloves currently unavailable)
MR       .....                  (boots currently unavailable)
Stlth    +++.......             (no amulet)
HPRegen  0.20/turn              (ring currently unavailable)
MPRegen  0.11/turn              (ring currently unavailable)

@: mighty, agile, lethally poisoned (0 -> -6), bat-form (expiring), berserk
cooldown, flying, slowed, quick
A: tiny
a: Smiting, Renounce Religion


You were on level 3 of the Dungeon.
You worshipped Beogh.
Beogh was pleased with you.
You were not hungry.
You were in bat-form.
You visited 1 branch of the dungeon, and saw 4 of its levels.

You collected 185 gold pieces.

Inventory:

Hand Weapons
 a - a +0 hand axe (melded)
 b - a +0 hunting sling
Missiles
 k - 20 boomerangs (quivered)
 m - 7 atropa-tipped darts
 o - 8 poisoned darts
 v - 22 sling bullets
Armour
 d - a +0 chain mail (melded)
 s - a +0 pair of boots (melded)
Jewellery
 f - an uncursed ring of fire {unknown}
 n - an uncursed ring of magical power {unknown}
 q - an uncursed ring of wizardry {unknown}
 u - a cursed amulet of inaccuracy {unknown}
Scrolls
 g - a scroll of enchant weapon {unknown}
 j - a scroll of blinking {unknown}
 p - 2 scrolls of teleportation
 t - a scroll of magic mapping
Potions
 h - 2 potions of agility
 l - a potion of haste {unknown}
 r - a potion of lignification {unknown}
Comestibles
 e - 5 rations


   Skills:
 + Level 5.7 Fighting
 * Level 8.1 Axes
 + Level 0.5 Armour
 - Level 2.4 Dodging
 - Level 1.5 Stealth
 + Level 2.8 Invocations


You had 6 spell levels left.
You didn't know any spells.
Your spell library was empty.

Dungeon Overview and Level Annotations

Branches:
Dungeon (4/15)
 Temple: D:4-7

Altars:
Dithmenos

Annotations:
D:3 3 runed translucent doors, Dowan; Duvessa; Jindul's ghost, amateur KoAK


Message History

Your transformation is almost over.
* * * LOW HITPOINT WARNING * * *
You feel sick.
* * * LOW HITPOINT WARNING * * *
You feel sick.
It was a potion of berserk rage.
A red film seems to cover your vision as you go berserk!
You feel yourself moving faster!
You feel mighty!
* * * LOW HITPOINT WARNING * * *
You feel sick.
You feel a strong urge to attack something.
* * * LOW HITPOINT WARNING * * *
You feel sick.
You feel your anger nearly subside.
You are no longer berserk.
You are exhausted.
You feel yourself slow down.
* * * LOW HITPOINT WARNING * * *
You feel sick.
You die...

#o.####..##.##
...####......#
#............#
#[#.###.##.#.#
#.#.###.##.#.#
#.#.#........#####
....#.#####......######
......# #(####......#
#.##..# #....#b.....#
#.##..# ##.##.#......#
...#..####...#.#......#
#.)#......._.....e....#
#..#.#.#.#...####.....#
##.#...#.##.## #.....#
##...#.#....# ##.####
...#...####.# #.#
####.#......## #.#


You could see Duvessa.

Vanquished Creatures
  Sigmund (D:3)
  Natasha (thrice) (D:3)
  An orc wizard (D:2)
  A worker ant (D:4)
  4 adders
  An ooze (D:3)
  3 worms (D:3)
  3 dart slugs
  A leopard gecko (D:2)
  12 orcs
  5 bats
  7 giant cockroaches
  6 goblins
  12 hobgoblins
  7 jackals
  A quokka (D:2)
  A ball python (D:3)
  A ball python skeleton (D:4)
  4 frilled lizards
  10 kobolds
  6 rats
90 creatures vanquished.

Vanquished Creatures (others)
  A hobgoblin (D:3)
  A kobold (D:3)
2 creatures vanquished.

Grand Total: 92 creatures vanquished

Notes
Turn   | Place    | Note
-------+----------+-------------------------------------------
     0 | D:1      | Gumption the Hill Orc Monk began the quest for the Orb.
     0 | D:1      | Reached XP level 1. HP: 19/19 MP: 1/1
   253 | D:1      | Reached XP level 2. HP: 24/27 MP: 2/2
   671 | D:2      | Reached skill level 5 in Axes
   679 | D:2      | Reached XP level 3. HP: 23/33 MP: 3/3
  1031 | D:2      | Reached XP level 4. HP: 33/41 MP: 4/4
  1291 | D:2      | Reached skill level 6 in Axes
  1855 | D:3      | Noticed Natasha
  1871 | D:3      | Killed Natasha
  1871 | D:3      | Reached XP level 5. HP: 33/47 MP: 5/5
  1875 | D:3      | Found a runed translucent gate.
  1875 | D:3      | Found a runed translucent gate.
  1876 | D:3      | Found a runed translucent gate.
  1878 | D:3      | Noticed Jindul's ghost (amateur KoAK)
  1931 | D:3      | Noticed Sigmund
  2047 | D:3      | Reached skill level 5 in Fighting
  2048 | D:3      | Became a worshipper of Beogh the Brigand
  2048 | D:3      | Reached * piety under Beogh
  2048 | D:3      | Reached ** piety under Beogh
  2184 | D:3      | Killed Sigmund
  2184 | D:3      | Reached skill level 7 in Axes
  2184 | D:3      | Reached XP level 6. HP: 15/56 MP: 3/7
  2503 | D:3      | Found a shadowy altar of Dithmenos.
  2686 | D:3      | Noticed Natasha
  2722 | D:3      | Killed Natasha
  3089 | D:4      | Noticed Duvessa
  3190 | D:3      | Noticed Natasha
  3205 | D:3      | Killed Natasha
  3205 | D:3      | Reached skill level 8 in Axes
  3337 | D:4      | Reached XP level 7. HP: 55/62 MP: 7/9
  3370 | D:4      | Noticed Dowan
  3401 | D:3      | HP: 3/62 [poisoned by Duvessa]
  3408 | D:3      | HP: 1/62 [poisoned by Duvessa]
  3409 | D:3      | Succumbed to Duvessa's poison

Levels and vault maps discovered:
D:1:      minmay_arrival_four_houses, layout_loops_ring, minmay_unequal
D:2:      layout_basic, minmay_misc_feat_room, minmay_heptomino_d4
D:3:      layout_loops_ring, nicolae_overflow_crystal_walls,
          ebering_ghost_rock_garden, first_ration, lightli_corner_chamber,
          uniq_natasha, uniq_sigmund
D:4:      layout_cave_pools, lemuel_crystal_altar,
          ebering_dispersal_statue_hall, uniq_duvessa, uniq_ijyb,
          uniq_blork_the_orc

Skill      XL: |  1  2  3  4  5  6 |
---------------+-------------------+-----
Fighting       | 4 5 |  5.7
Axes           | 5 6 7 8 |  8.1
Invocations    | 2 |  2.8
Armour         | |  0.5
Dodging        | |  2.4
Stealth        | |  1.5

Action                   |  1- 3 |  4- 6 |  7- 9 || total
-------------------------+-------+-------+-------++-------
Melee: Hand axe          |    87 |   250 |     6 ||   343
       Unarmed           |       |       |     1 ||     1
 Fire: Hunting sling     |       |     6 |       ||     6
Throw: Boomerang         |       |     8 |     1 ||     9
Invok: Smiting           |       |     1 |       ||     1
       Convert to Beogh  |       |     1 |       ||     1
  Use: Scroll            |       |     5 |       ||     5
       Potion            |       |       |     3 ||     3
 Stab: Sleeping          |     1 |       |       ||     1
  Eat: Chunk             |       |     7 |     1 ||     8
Armor: Chain mail        |    67 |   121 |     4 ||   192
       Robe              |     1 |       |       ||     1
Dodge: Dodged            |    36 |    68 |     4 ||   108

Table legend:
 A = Non-vault XP
 B = Vault XP
 C = Vault XP percentage of total XP
 D = Non-vault monster count
 E = Vault monster count
 F = Vault count percentage of total count
                 A         B        C        D         E       F
            +---------+---------+-------+---------+---------+-------
      Total |     356 |     270 |  43.1 |      84 |       6 |   6.7
            +---------+---------+-------+---------+---------+-------
        D:1 |      23 |       6 |  20.7 |      13 |       2 |  13.3
        D:2 |     124 |       2 |   1.6 |      34 |       2 |   5.6
        D:3 |     152 |     262 |  63.3 |      26 |       2 |   7.1
        D:4 |      57 |       0 |   0.0 |      11 |       0 |   0.0
            +---------+---------+-------+---------+---------+-------
